 Dungeon Crawl Stone Soup version bcrawl-1.38b (webtiles) character file.

Game seed: 17736747077702900902

256974 oper the Basher (level 8, -2/50 HPs)
             Began as a Skeleton Reaver on Mar 8, 2023.
             Was a Priest of Vehumet.
             Slain by a bullfrog (6 damage)
             ... on level 5 of the Dungeon.
             The game lasted 00:09:35 (4236 turns).

oper the Basher (Skeleton Reaver)                   Turns: 4236, Time: 00:09:36

Health: -2/50      AC:  9    Str: 21    XL:     8   Next: 13%
Magic:  0/12       EV: 14    Int: 15    God:    Vehumet [***...]
Gold:   129        SH:  0    Dex:  7    Spells: 13/13 levels left

rFire    . . .     GDR:     18% a - +0 flail
rCold    + + .     SeeInvis .   (no shield)
rNeg     + + +     Gourm    .   b - +1 steam dragon scales
rPois    ∞         Faith    .   (no helmet)
rElec    .         Spirit   +   (no cloak)
rCorr    .         Reflect  .   k - +2 pair of gloves {Str+3}
MR       +....                  (no boots)
Stlth    +.........             (no amulet)
HPRegen  0.18/turn              h - +1 ring of evasion
MPRegen  0.13/turn              g - ring of protection from cold

@: no status effects
A: no food or potions, cold resistance 1, deterioration 1, negative energy
resistance 3, powered by death 1, torment resistance, unbreathing, magic shield,
sturdy frame 1, spell healing
a: Renounce Religion


You were on level 5 of the Dungeon.
You worshipped Vehumet.
Vehumet was most pleased with you.
You were not hungry.

You visited 1 branch of the dungeon, and saw 6 of its levels.

You collected 264 gold pieces.
You spent 135 gold pieces at shops.

Inventory:

Hand Weapons
 a - a +0 flail (weapon)
Missiles
 m - a throwing net {=f}
Armour
 b - +1 steam dragon scales (worn)
 k - a +2 pair of gloves of strength (worn)
Jewellery
 g - a ring of protection from cold (right hand)
 h - a +1 ring of evasion (left hand)
 l - an uncursed ring of see invisible
Scrolls
 c - 2 scrolls of immolation
 d - 6 scrolls of remove curse
 e - 2 scrolls of teleportation
 f - a scroll of enchant armour
 i - 2 scrolls of identify
 j - a scroll of magic mapping
 n - a scroll of amnesia


   Skills:
 + Level 5.6 Fighting
 * Level 9.0 Maces & Flails
 + Level 5.6 Dodging
 - Level 3.0 Spellcasting


You had 13 spell levels left.
You didn't know any spells.
Your spell library contained the following spells:

 Spells                   Type           Power        Failure   Level  Hunger
 Inner Flame              Hex/Fire       N/A          16%         3    N/A
 Iskenderun's Battlesphe  Conj/Chrm      #.......     77%         5    N/A

Dungeon Overview and Level Annotations

Branches:
Dungeon (6/12)
 Temple: D:4-7

Altars:
Dithmenos
Gozag
Lugonu
Nemelex Xobeh

Shops:
D:4 =[}

Annotations:
D:6 Sigmund


Innate Abilities, Weirdness & Mutations

You do not eat or drink.
You are immune to poison.
Your flesh is cold resistant. (rC+)
Your body sometimes deteriorates upon taking damage.
You are immune to negative energy. (rN+++)
You regenerate a little health from kills.
You are immune to unholy pain and torment.
You can survive without breathing.
When hurt, damage is shared between your health and your magic reserves.
Your movements are slightly less encumbered by armour. (ER -2)
Casting spells heals you.


Message History

The bullfrog is almost dead.
The bullfrog closely misses you. The bullfrog hits you!
* * * LOW HITPOINT WARNING * * *
You barely miss the bullfrog.
The bullfrog is almost dead.
The bullfrog closely misses you.
You closely miss the bullfrog.
The bullfrog is almost dead.
The bullfrog hits you.
* * * LOW HITPOINT WARNING * * *
The bullfrog barely misses you.
You barely miss the bullfrog.
The bullfrog is almost dead.
The bullfrog closely misses you.
You miss the bullfrog.
The bullfrog is almost dead.
The bullfrog hits you.
* * * LOW HITPOINT WARNING * * *
The bullfrog hits you.
You die...

#.............
#.#.....##....
#######.#######...##
##.....#.....##....#
##...%.............###
#..................###
#.........###.........
#....F....'_#...!..###
#....@....###......#
#..................#
##.................#
##.....#.....#....#
#############....#
#....# ######


You could see a bullfrog.

Vanquished Creatures
  An ice beast (D:4)
  A phantom (D:3)
  2 ogres
  3 scorpions
  A water moccasin skeleton (D:4)
  A howler monkey (D:6)
  2 crimson imps
  A bullfrog zombie (D:6)
  2 hounds
  An orc wizard (D:3)
  3 worker ants
  A hound skeleton (D:4)
  6 gnolls
  A howler monkey skeleton (D:4)
  8 adders
  A shadow imp (D:5)
  An ooze (D:1)
  3 adder skeletons
  2 worms (D:3)
  3 dart slugs
  4 leopard geckos
  7 orcs
  A giant cockroach (D:1)
  2 goblins
  6 hobgoblins
  17 jackals
  3 quokkas
  2 ball pythons
  7 bats
  7 frilled lizards
  5 kobolds
  4 rats
109 creatures vanquished.

Notes
Turn   | Place    | Note
-------+----------+-------------------------------------------
     0 | D:1      | oper the Skeleton Reaver began the quest for the Orb.
     0 | D:1      | Reached XP level 1. HP: 14/14 MP: 4/4
    83 | D:1      | Reached skill level 4 in Maces & Flails
   118 | D:1      | Reached XP level 2. HP: 18/19 MP: 4/6
   421 | D:1      | Reached XP level 3. HP: 23/23 MP: 7/7
   618 | D:2      | Reached * piety under Vehumet
   618 | D:2      | Offered knowledge of Flame Tongue by Vehumet.
   985 | D:2      | Reached skill level 5 in Maces & Flails
   985 | D:2      | Reached XP level 4. HP: 28/28 MP: 8/8
  1433 | D:3      | Reached ** piety under Vehumet
  1448 | D:3      | Offered knowledge of Sting by Vehumet.
  1497 | D:3      | Reached XP level 5. HP: 19/33 MP: 7/9
  1620 | D:3      | Noticed a phantom
  1715 | D:3      | Killed a phantom
  1716 | D:3      | Reached skill level 6 in Maces & Flails
  1983 | D:3      | Noticed an ogre
  1987 | D:3      | Killed an ogre
  1988 | D:3      | Gained mutation: You regenerate a little health from kills.
                  | [Skeleton growth]
  1988 | D:3      | Reached XP level 6. HP: 16/39 MP: 4/10
  2261 | D:4      | Found Ceebb's Jewellery Emporium.
  2318 | D:4      | Found Xoloefrif's Antique Armour Shoppe.
  2325 | D:4      | Bought a pair of glowing gloves for 135 gold pieces
  2508 | D:4      | Noticed an ice beast
  2529 | D:4      | Killed an ice beast
  2530 | D:4      | Reached skill level 7 in Maces & Flails
  2736 | D:4      | Reached XP level 7. HP: 41/44 MP: 11/11
  3133 | D:4      | Offered knowledge of Mephitic Cloud by Vehumet.
  3263 | D:4      | Found Lanenomi's Gadget Emporium.
  3311 | D:5      | Entered Level 5 of the Dungeon
  3345 | D:5      | Reached skill level 5 in Dodging
  3376 | D:5      | Reached skill level 5 in Fighting
  3403 | D:5      | Reached *** piety under Vehumet
  3429 | D:5      | Reached skill level 8 in Maces & Flails
  3522 | D:5      | Found a corrupted altar of Lugonu.
  3579 | D:5      | Found a shadowy altar of Dithmenos.
  3699 | D:5      | Offered knowledge of Inner Flame by Vehumet.
  3860 | D:5      | Found a sparkling altar of Nemelex Xobeh.
  3962 | D:5      | Reached XP level 8. HP: 38/50 MP: 10/12
  4086 | D:5      | Found an opulent altar of Gozag.
  4200 | D:6      | Noticed Sigmund
  4209 | D:6      | Reached skill level 9 in Maces & Flails
  4236 | D:5      | Slain by a bullfrog

Skill      XL: |  1  2  3  4  5  6  7  8 |
---------------+-------------------------+-----
Maces & Flails | 4 5 6 7 8 9 |  9.0
Fighting       | 4 5 |  5.6
Dodging        | 4 5 |  5.6
Spellcasting   | |  3.0

Action                   |  1- 3 |  4- 6 |  7- 9 || total
-------------------------+-------+-------+-------++-------
Melee: Flail             |   170 |   157 |   163 ||   490
  Use: Scroll            |     7 |     1 |     4 ||    12
Armor: Steam dragon scal |    92 |    43 |    40 ||   175
Dodge: Dodged            |   167 |    98 |   124 ||   389
